cohdb
Replays
Latest Replays
All Replays
Popular Replays
Top Player Replays
Match Explorer
How It Works
Community
CoH3 Stats
Reddit
Sign in to upload your games and track your stats! →
Sign in with Steam
Match 42657617
Unlisted
Match 42657617
Overview
Messages
Build Orders
End
Construct Infanterie Kompanie
Selects Mechanized Battlegroup
MG 42 Machine Gun Team
Grenadier Squad
Grenadier Squad
Construct Panzergrenadier Kompanie
Panzergrenadier Squad
Medical Station
Panzergrenadier Squad
Panzergrenadier Officer Quarters
Selects Raid Package
Selects 8 Rad Armored Car
8 Rad Armored Car
Construct Panzer Kompanie
Panzer IV Medium Tank
Panzer IV Medium Tank
Panzergrenadier Squad
Selects Mobile Repair Stations
Selects Wespe Self-propelled Artillery
Wr3ck3d
matrix4x4
0
0
Comments
sign in to comment!
No comments posted yet!